 Dungeon Crawl Stone Soup version 0.30-a0-439-g9e77e4d916 (webtiles) character file.

Game seed: 16926626208168153981

14597 CoinPitGoblin the Eclecticist (level 11, 61/61 HPs)
             Began as a Deep Elf Conjurer on Oct 18, 2022.
             Quit the game on level 1 of the Lair of Beasts on Dec 10, 2022.
             The game lasted 00:47:43 (15789 turns).

CoinPitGoblin the Eclecticist (Deep Elf Conjurer)  Turns: 15789, Time: 00:47:43

Health: 61/61      AC:  9    Str:  4    XL:     11   Next: 90%
Magic:  42/42      EV: 14    Int: 31    God:
Gold:   787        SH:  0    Dex: 13    Spells: 4/42 levels left

rFire   . . .      SeeInvis .    K - staff of conjuration
rCold   . . .      Faith    .    (no shield)
rNeg    . . .      Spirit   .    R - +0 troll leather armour
rPois   .          Reflect  .    y - +2 helmet
rElec   .          Harm     .    (no cloak)
rCorr   +          Rampage  .    j - +0 pair of gloves
Will    +....                    D - +0 pair of boots
Stlth   ++........               t - amulet of regeneration
HPRegen 1.90/turn                d - ring of magical power
MPRegen 0.28/turn                T - ring "Ujo Xobu" {rCorr Int+3}

@: no status effects
A: no striking features
a: no special abilities


You were on level 1 of the Lair of Beasts.
You visited 4 branches of the dungeon, and saw 15 of its levels.
You also visited: Trove and Sewer.

You collected 787 gold pieces.

Inventory:

Hand Weapons
 a - a +5 short sword of electrocution
 m - a +1 quarterstaff
 H - a +2 dagger of holy wrath
 M - a +0 spectral quarterstaff
Missiles
 L - 5 throwing nets
Armour
 j - a +0 pair of gloves (worn)
 y - a +2 helmet (worn)
 D - a +0 pair of boots (worn)
 E - a +2 robe of willpower
 F - +0 steam dragon scales
 N - a +0 kite shield
 R - a +0 troll leather armour (worn)
Magical Staves
 n - a staff of death
 o - a staff of fire
 K - a staff of conjuration (weapon)
 Z - a staff of air
Jewellery
 d - a ring of magical power (left hand)
 t - an amulet of regeneration (around neck)
 C - a +6 ring of intelligence
 S - a ring of flight
 T - the ring "Ujo Xobu" (right hand) {rCorr Int+3}
   (You acquired it in a treasure trove)

   [ring of resist corrosion]

   Int:       It affects your intelligence (+3).
   rCorr:     It protects you from acid and corrosion.
 X - a +6 ring of intelligence
Wands
 z - a wand of acid (15)
 G - a wand of iceblast (5)
 I - a wand of charming (7)
 J - a wand of polymorph (5)
Scrolls
 e - 6 scrolls of enchant weapon
 g - 9 scrolls of teleportation
 i - a scroll of magic mapping
 q - 2 scrolls of fear
 B - a scroll of brand weapon
 P - 2 scrolls of fog
 Q - a scroll of vulnerability
 V - 2 scrolls of blinking
 W - a scroll of silence
 Y - a scroll of torment
Potions
 b - 2 potions of magic
 c - 2 potions of might
 f - a potion of brilliance {unknown}
 h - 4 potions of cancellation
 k - 3 potions of attraction
 l - a potion of invisibility {unknown}
 p - 3 potions of resistance
 r - 2 potions of mutation {unknown}
 s - 4 potions of flight
 u - 4 potions of heal wounds
 v - 4 potions of curing
 w - 2 potions of lignification
 x - a potion of berserk rage {unknown}
 A - 5 potions of ambrosia
 O - 2 potions of haste


   Skills:
 + Level 4.0 Fighting
 + Level 1.4 Armour
 + Level 8.2 Dodging
 - Level 2.4 Stealth
 + Level 16.3 Spellcasting
 + Level 13.9 Conjurations


You had 4 spell levels left.
You knew the following spells:

 Your Spells              Type           Power      Damage    Failure   Level
a - Fulminant Prism       Conj/Hex       40%        3d19      1%          4
b - Orb of Destruction    Conj           53%        9d13      9%          7
c - Fireball              Conj/Fire      40%        3d16      4%          5
d - Iskenderun's Battles  Conj           100%       2d15      1%          5
e - Iskenderun's Mystic   Conj/Tloc      80%        2d16      1%          4
f - Inner Flame           Hex/Fire       25%        N/A       9%          3
g - Arcjolt               Conj/Air       40%        1d50      4%          5
q - Searing Ray           Conj           100%       2d8       0%          2
z - Mephitic Cloud        Conj/Pois/Air  69%        N/A       1%          3

Your spell library contained the following spells:

 Spells                   Type           Power      Damage    Failure   Level
 Magic Dart               Conj           100%       1d8       0%          1
 Momentum Strike          Conj/Tloc      100%       3d10      1%          2
 Static Discharge         Conj/Air       100%       2-7/arc   1%          2
 Dazzling Flash           Conj/Hex       100%       N/A       1%          3
 Flame Wave               Conj/Fire      80%        2d17      1%          4
 Sticky Flame             Conj/Fire      80%        2d9       1%          4
 Blink                    Tloc           50%        N/A       4%          2
 Cigotuvi's Dreadful Rot  Necr/Pois/Air  50%        N/A       4%          2
 Ensorcelled Hibernation  Hex/Ice        50%        N/A       4%          2
 Poisonous Vapours        Pois/Air       50%        N/A       4%          2
 Scorch                   Fire           50%        2d8       4%          2
 Frozen Ramparts          Ice            50%        1d8       9%          3
 Gell's Gravitas          Tloc           25%        N/A       9%          3
 Ignite Poison            Fire/Tmut/Pois 25%        N/A       9%          3
 Ozocubu's Armour         Ice            25%        N/A       9%          3
 Teleport Other           Tloc           25%        N/A       9%          3
 Vhi's Electric Charge    Tloc/Air       50%        N/A       9%          3
 Leda's Liquefaction      Hex/Erth       12%        N/A       30%         4
 Petrify                  Tmut/Erth      25%        N/A       30%         4
 Lightning Bolt           Conj/Air       40%        1d59      4%          5
 Freezing Cloud           Conj/Ice/Air   34%        6-21      12%         5
 Conjure Ball Lightning   Conj/Air       40%        3x3d14    26%         6
 Iron Shot                Conj/Erth      40%        9d8       26%         6
 Starburst                Conj/Fire      40%        6d11      26%         6
 Metabolic Englaciation   Hex/Ice        12%        N/A       63%         5
 Spellforged Servitor     Conj/Summ      40%        N/A       82%         7
 Dispersal                Tloc           12%        N/A       99%         6
 Statue Form              Tmut/Erth      16%        N/A       99%         6
 Ozocubu's Refrigeration  Ice            12%        4d10      100%        7
 Lehudib's Crystal Spear  Conj/Erth      40%        10d10     100%        8
 Polar Vortex             Ice            12%        N/A       100%        9


Dungeon Overview and Level Annotations

Branches:
Dungeon (12/15)            Temple (1/1) D:6            Lair (1/5) D:11
    Orc (1/2) D:9           Sewer (visited)

Altars:
Ashenzari
Cheibriados
Dithmenos
Elyvilon
Fedhas
Gozag
Hepliaklqana
Kikubaaqudgha
Makhleb
Nemelex Xobeh
Okawaru
Qazlal
Ru
Sif Muna
Trog
Uskayaw
Vehumet
Wu Jian
Xom
Yredelemnul
Zin
The Shining One

Shops:
D:2 *

Annotations:
D:10 2 transporters


Message History

You see here a staff of air.
You now have 767 gold pieces (gained 6).
Found a quarterstaff.
You now have 787 gold pieces (gained 20).
You open the door.
There is an open door here.
You see here a +0 leather armour.
Key pressed, stopping explore.
There is an open door here.
There is an open door here.
There is an open door here.
There is an open door here.
There is an open door here.
There is an open door here.
There is an open door here.
Done exploring.
No target in view!
Done exploring.
Done exploring.
Done exploring.
Search for what [Enter for "."]? .
There is an open door, spattered with blood here.
There is an open door here.
You open the door.
There is an open door here.
You see here a staff of air.
Z - a staff of air
As you read the scroll of identify, it crumbles to dust.
h - 4 potions of cancellation Saving game... please wait.
Welcome back, CoinPitGoblin the Deep Elf Conjurer.
Press ? for a list of commands and other information.
Unknown command.
Saving game... please wait.
Welcome back, CoinPitGoblin the Deep Elf Conjurer.
Press ? for a list of commands and other information.
Autopickup is now off.
Unknown command.
Autopickup is now on.
Are you sure you want to abandon this character and quit the game? (Confirm with "yes".)

###.## #..# ###
#..## ..# ##..##
#.# ######....###
#'#####...........#
...##.............#
......#...........#
...+.##.........@.#
...####...........#
.P## #####.#####P#
### #....#### ###
#####..#
#.####.###.+### ###
#.............# ..#
#.............# ..#
#.............#


There were no monsters in sight!

Vanquished Creatures
  Harold (Lair:1)
  Erolcha (D:10)
  A two-headed ogre (D:11)
  A deep elf pyromancer (D:11)
  2 cyclopes
  Joseph (D:8)
  A cane toad (Lair:1)
  A polar bear (Lair:1)
  4 trolls
  Prince Ribbit (D:7)
  2 wyverns
  22 yaks
  Grum (D:8)
  A steam dragon (D:8)
  2 vampire mosquitoes (D:9)
  Menkaure (D:4)
  A warg (D:9)
  3 water moccasins
  5 orc warriors
  2 sky beasts
  2 ice beasts
  2 black bears
  2 ogres
  4 wolves (D:8)
  2 centaurs
  A phantom (D:5)
  2 kobold brigands
  4 bullfrogs
  A gnoll sergeant (D:8)
  3 scorpions
  15 wights
  13 killer bees
  8 howler monkeys
  2 hounds
  5 jellies
  9 orc priests
  Ijyb (D:4)
  3 iguanas
  9 orc wizards
  5 gnolls (D:8)
  13 adders
  A river rat (D:5)
  3 shadow imps
  2 white imps
  3 ufetubi
  4 worms (D:5)
  9 dart slugs
  39 orcs
  8 endoplasms
  13 giant cockroaches
  5 goblins
  7 hobgoblins
  10 jackals
  13 kobolds
  13 quokkas
  8 ball pythons
  7 bats
  11 frilled lizards
  8 rats
  A fulminant prism (D:9)
325 creatures vanquished.

Vanquished Creatures (others)
  17 fulminant prisms
  5 fungi (D:11)
  19 plants
41 creatures vanquished.

Grand Total: 366 creatures vanquished

Notes
Turn   | Place    | Note
-------+----------+-------------------------------------------
     0 | D:1      | CoinPitGoblin the Deep Elf Conjurer began the quest for the
                  | Orb.
     0 | D:1      | Reached XP level 1. HP: 10/10 MP: 6/6
   121 | D:1      | Reached XP level 2. HP: 15/15 MP: 0/8
   332 | D:1      | Reached skill level 5 in Conjurations
   682 | D:1      | Reached XP level 3. HP: 19/19 MP: 4/9
  1346 | D:2      | Learned a level 2 spell: Searing Ray
  1999 | D:2      | Found Taryt's General Store.
  2185 | D:3      | Reached XP level 4. HP: 24/24 MP: 9/11
  3088 | D:4      | Reached skill level 4 in Spellcasting
  3389 | D:4      | Reached XP level 5. HP: 28/28 MP: 9/13
  3447 | D:4      | Noticed Ijyb
  3462 | D:4      | Killed Ijyb
  3655 | D:4      | Reached skill level 5 in Spellcasting
  3909 | D:4      | Found a white marble altar of Elyvilon.
  4104 | D:4      | Found a radiant altar of Vehumet.
  4226 | D:4      | Found a broken altar of Ashenzari.
  4226 | D:4      | Found an ancient bone altar of Kikubaaqudgha.
  4259 | D:4      | Noticed Menkaure
  4322 | D:4      | Killed Menkaure
  4323 | D:4      | Reached XP level 6. HP: 32/32 MP: 16/16
  4455 | D:4      | Found an opulent altar of Gozag.
  4674 | D:5      | Entered Level 5 of the Dungeon
  4688 | D:5      | Reached skill level 6 in Spellcasting
  4815 | D:5      | Found a glowing drain.
  4852 | Sewer    | Entered a sewer
  5223 | Sewer    | Reached XP level 7. HP: 36/36 MP: 19/19
  5230 | Sewer    | Reached skill level 7 in Spellcasting
  5979 | D:5      | Reached skill level 8 in Spellcasting
  6454 | D:6      | Reached XP level 8. HP: 42/42 MP: 21/22
  6749 | D:6      | Reached skill level 9 in Spellcasting
  6985 | D:6      | Found a staircase to the Ecumenical Temple.
  7017 | Temple   | Entered the Ecumenical Temple
  7378 | D:6      | Reached skill level 10 in Spellcasting
  7939 | D:7      | Reached skill level 10 in Conjurations
  7993 | D:7      | Reached XP level 9. HP: 46/46 MP: 24/25
  8009 | D:7      | Reached skill level 1 in Fighting
  8248 | D:7      | Reached skill level 11 in Spellcasting
  8408 | D:7      | Noticed Prince Ribbit
  8426 | D:7      | Killed Prince Ribbit
  8921 | D:8      | Upgraded the game from 0.30-a0-297-g0ec75d9ef4 to
                  | 0.30-a0-305-g026cb31310
  9319 | D:8      | Reached skill level 5 in Dodging
  9425 | D:8      | Reached skill level 12 in Spellcasting
  9838 | D:8      | Found a glowing golden altar of the Shining One.
  9937 | D:8      | Noticed Joseph
  9945 | D:8      | Learned a level 4 spell: Fulminant Prism
  9949 | D:8      | Learned a level 3 spell: Mephitic Cloud
  9997 | D:8      | Killed Joseph
 10001 | D:8      | Reached XP level 10. HP: 29/53 MP: 13/28
 10176 | D:8      | Noticed Grum
 10195 | D:8      | Killed Grum
 10714 | D:9      | Reached skill level 13 in Spellcasting
 11264 | D:9      | Found a staircase to the Orcish Mines.
 11419 | D:9      | Reached skill level 14 in Spellcasting
 11604 | D:9      | Learned a level 7 spell: Orb of Destruction
 11610 | D:9      | Learned a level 5 spell: Fireball
 11834 | D:10     | Entered Level 10 of the Dungeon
 11908 | Orc:1    | Entered Level 1 of the Orcish Mines
 12076 | D:10     | Reached XP level 11. HP: 60/60 MP: 6/31
 12638 | D:10     | Found a transporter.
 12640 | D:10     | Noticed a white ugly thing
 12642 | D:10     | Found a transporter.
 12642 | D:10     | Found a shimmering blue altar of Sif Muna.
 12642 | D:10     | Noticed a flayed ghost
 12777 | D:10     | Reached skill level 15 in Spellcasting
 12971 | D:10     | Noticed Erolcha
 12975 | D:10     | Killed Erolcha
 12990 | D:10     | Learned a level 5 spell: Iskenderun's Battlesphere
 12995 | D:10     | Learned a level 4 spell: Iskenderun's Mystic Blast
 13269 | D:11     | Noticed a two-headed ogre
 13286 | D:11     | Killed a two-headed ogre
 13420 | D:11     | Noticed a deep elf pyromancer
 13422 | D:11     | Killed a deep elf pyromancer
 13709 | D:11     | Found a portal to a secret trove of treasure.
 14096 | D:11     | Found a staircase to the Lair.
 14141 | Lair:1   | Entered Level 1 of the Lair of Beasts
 14192 | Trove    | Entered a treasure trove
 14222 | Trove    | Got the Codex of the Compass
 14225 | Trove    | Got Sif Muna's Parchment of the Salvo and Rallying
 14234 | Trove    | Got Sif Muna's Catalogue of Algid Combustion
 14255 | Trove    | Got the Disquisition on the Frigid Mountains
 14266 | Trove    | Identified 2 scrolls of acquirement
 14266 | Trove    | Acquired a +6 ring of intelligence
 14268 | Trove    | Acquired the ring "Ujo Xobu" {rCorr Int+3}
 14281 | Trove    | Learned a level 3 spell: Inner Flame
 14287 | Trove    | Learned a level 5 spell: Arcjolt
 14647 | Lair:1   | Reached skill level 16 in Spellcasting
 14839 | Lair:1   | Noticed Harold
 14851 | Lair:1   | Killed Harold
 14852 | Lair:1   | Reached skill level 1 in Armour
 15789 | Lair:1   | Upgraded the game from 0.30-a0-305-g026cb31310 to
                  | 0.30-a0-424-g7412bad402
 15789 | Lair:1   | Upgraded the game from 0.30-a0-424-g7412bad402 to
                  | 0.30-a0-439-g9e77e4d916
 15789 | Lair:1   | Quit the game

Illustrated notes

Levels and vault maps discovered:
D:1:      lemuel_arrival_muddy, layout_basic, minmay_crystal_room,
          kennysheep_another_room
D:2:      layout_basic, serial_shops, shop, palyth_stone_intersect
D:3:      layout_loops_ring, minmay_fountain_box
D:4:      kennysheep_slugbush, layout_cave_pods, kennysheep_little_box,
          nicolae_elyvilon_temple_path, nicolae_overflow_two_pavilions,
          nicolae_vehumet_radiance, uniq_menkaure, uniq_ijyb
D:5:      layout_cave_pools, gup_sewer_entry_bubbles
D:6:      layout_rooms, temple_doors_e, dk_noncrumbling_3, grunt_decor_fettered
D:7:      layout_loops_ring, nrook_mini_backslash, uniq_prince_ribbit1
D:8:      layout_gridville, mainiacjoe_overflow_surrounded_room, uniq_joseph,
          uniq_grum
D:9:      layout_long_grid, erik_orc_4
D:10:     layout_small_grid, gammafunk_temple_overflow_arena, uniq_erolcha
D:11:     layout_loops_ring, grunt_lair_entry_orc_guard_hut,
          nicolae_trove_entry_isolated, serial_bayou_crossing
D:12:     layout_loops_ring
Temple:   nicolae_temple_bog_church
Lair:1:   layout_roguey, lemuel_fruit_tree, uniq_harold
Orc:1:    layout_caves, serial_shops, shop

Skill      XL: |  1  2  3  4  5  6  7  8  9 10 11 |
---------------+----------------------------------+-----
Conjurations   | 5 6 7 8 10 11 12 13 | 13.9
Spellcasting   | 4 5 6 8 10 12 14 16 | 16.3
Dodging        | 3 4 5 7 8 |  8.2
Fighting       | 2 3 4 |  4.0
Armour         | 1 |  1.4
Stealth        | |  2.4

Action                   |  1- 3 |  4- 6 |  7- 9 | 10-12 || total
-------------------------+-------+-------+-------+-------++-------
Melee: Quarterstaff      |     1 |     6 |     2 |    94 ||   103
       Staff             |       |       |       |     1 ||     1
 Cast: Magic Dart        |    79 |   163 |   178 |     7 ||   427
       Searing Ray       |       |     9 |    62 |    38 ||   109
       Mephitic Cloud    |       |       |     3 |    22 ||    25
       Fulminant Prism   |       |       |     2 |    16 ||    18
       Fireball          |       |       |       |    18 ||    18
       Orb of Destructio |       |       |       |    18 ||    18
       Iskenderun's Myst |       |       |       |     6 ||     6
       Arcjolt           |       |       |       |     2 ||     2
       Inner Flame       |       |       |       |     1 ||     1
       Iskenderun's Batt |       |       |       |     1 ||     1
Evoke: Wand              |       |     3 |       |       ||     3
  Use: Scroll            |       |       |    20 |    10 ||    30
       Potion            |       |       |     1 |       ||     1
 Stab: Confused          |       |       |       |     6 ||     6
Armor: Robe              |     1 |    10 |    34 |    30 ||    75
       Troll leather arm |       |       |       |    12 ||    12
Dodge: Dodged            |     4 |    25 |   103 |   124 ||   256

Table legend: (Time is in decaauts)
 A = Elapsed time spent in this place.
 B = Non-inter-level travel time spent in this place.
 C = Inter-level travel time spent in this place.
 D = Time resting spent in this place.
 E = Time spent auto-exploring this place.
 F = Levels seen in this place.
 G = Mean time per level.
                   A        B        C        D        E       F      G
               +--------+--------+--------+--------+--------+-----+--------+
         Total |  16003 |  14451 |   1552 |   1303 |  10478 |  17 |  941.4 |
       Dungeon |  13560 |  12081 |   1479 |   1141 |   8773 |  12 | 1130.0 |
        Temple |    177 |    165 |     12 |      0 |    153 |   1 |  177.0 |
          Lair |   1197 |   1136 |     61 |    162 |    853 |   1 | 1197.0 |
  Orcish Mines |      5 |      5 |      0 |      0 |      0 |   1 |    5.0 |
         Trove |    108 |    108 |      0 |      0 |     47 |   1 |  108.0 |
         Sewer |    953 |    953 |      0 |      0 |    652 |   1 |  953.0 |
               +--------+--------+--------+--------+--------+-----+--------+

Top non-repeatable levels by time:
     D:8: 1823 daAuts
     D:9: 1741 daAuts
     D:4: 1664 daAuts
    D:11: 1262 daAuts
     D:7: 1200 daAuts
  Lair:1: 1197 daAuts
     D:1: 1177 daAuts
     D:5: 1066 daAuts
     D:6: 1019 daAuts
   Sewer: 953 daAuts
     D:2: 945 daAuts
     D:3: 898 daAuts
    D:10: 739 daAuts
  Temple: 177 daAuts
   Trove: 108 daAuts
